Map: 서브머린 - 래더

Players

SuperNova

  • Race: Terran Terran
  • League: Grandmaster
  • Spawn Location: 11:00

Dream - Winner!

  • Race: Terran Terran
  • League: Master
  • Spawn Location: 5:00

Event: War Chest Team League

VOD

Have the link to the VOD?

Description

Time

  • Played on: Aug. 7, 2020, 7:28 a.m.
  • Length: 5:49
Show
View Real Time Build Order
Export as new Build Order

SuperNova Terran 

Build Orders:  

Get SALT Encoding   

  12  0:00  SCV  
  13  0:12  SCV  
  14  0:17  Supply Depot  
  14  0:24  SCV  
  14  0:28  Refinery  
  15  0:39  SCV  
  16  0:44  Barracks  
  16  0:51  SCV  
  16  0:55  Refinery  
  17  1:03  SCV  
  18  1:15  SCV  
  19  1:30  Orbital Command  
  19  1:32  Factory  
  19  1:34  Reaper  
  20  1:41  Supply Depot  
  20  1:56  SCV  
  21  2:06  Reaper  
  21  2:08  SCV  
  23  2:16  Hellion  
  23  2:20  SCV  
  26  2:35  SCV  
  25  2:39  Hellion  
  25  2:42  Barracks Reactor, Command Center  
  27  2:48  SCV  
  28  3:00  SCV  
  28  3:01  Factory Tech Lab  
  29  3:15  Supply Depot  
  29  3:21  Cyclone  
  31  3:32  SCV  
  31  3:36  Marine  
  31  3:37  Command Center, Marine  
  32  3:44  SCV  
  31  3:56  SCV  
  31  3:58  Starport  
  35  4:02  Cyclone  
  35  4:09  SCV  
  36  4:21  SCV  
  35  4:25  Orbital Command  
  35  4:33  SCV  
  35  4:36  Starport Tech Lab  
  36  4:41  Fusion Core  
  36  4:46  SCV  
  36  4:47  Refinery  
  36  4:51  SCV  
  38  4:55  Siege Tank  
  41  5:01  Marine, SCV  
  41  5:02  Marine  
  35  5:16  SCV  
  35  5:19  Marine x2  
  35  5:21  SCV  
  36  5:23  SCV  
  32  5:37  SCV x2  
Show
View Real Time Build Order
Export as new Build Order

Dream Terran - Winner!

Build Orders:  

Get SALT Encoding   

  12  0:00  SCV  
  13  0:12  SCV  
  14  0:16  Supply Depot  
  14  0:24  SCV  
  15  0:38  Barracks, SCV  
  16  0:45  Refinery  
  16  0:50  SCV  
  16  0:52  Refinery  
  17  1:02  SCV  
  18  1:14  SCV  
  19  1:25  Reaper  
  20  1:26  Orbital Command  
  20  1:31  Supply Depot  
  20  1:41  Factory  
  20  1:52  SCV  
  21  1:58  Reaper  
  22  2:04  SCV  
  23  2:16  SCV  
  23  2:22  Command Center  
  24  2:29  Hellion  
  26  2:30  SCV  
  26  2:34  Reaper  
  27  2:42  Supply Depot  
  27  2:43  SCV  
  28  2:50  Hellion  
  30  2:55  SCV  
  31  3:05  Starport  
  31  3:08  SCV  
  31  3:09  Barracks Reactor  
  32  3:14  Factory Tech Lab  
  32  3:20  SCV  
  32  3:26  Supply Depot  
  33  3:32  SCV  
  37  3:34  Siege Tank  
  37  3:44  SCV  
  37  3:47  Marine  
  39  3:49  Marine  
  39  3:51  Medivac  
  39  3:54  Orbital Command  
  39  3:56  Refinery  
  39  3:57  SCV  
  40  4:05  Marine  
  40  4:07  Marine  
  40  4:08  Cyclone  
  40  4:09  SCV  
  46  4:22  SCV  
  46  4:23  Marine  
  48  4:24  Marine  
  48  4:25  SCV  
  48  4:28  Medivac  
  52  4:36  SCV  
  52  4:37  SCV  
  54  4:40  Marine, Siege Tank  
  54  4:42  Supply Depot, Marine  
  59  4:48  Supply Depot  
  59  4:49  SCV  
  59  4:50  SCV  
  61  4:58  Marine  
  62  5:03  Marine  
  62  5:05  SCV x2  
  65  5:16  Marine  
  65  5:17  SCV x2  
  67  5:21  Marine  
  67  5:27  Supply Depot, Starport Reactor  
  69  5:40  Command Center  
Tags
 
Add a new tag
Caveats
  • Supply blocks, unpowered buildings, or Contaminate may cause inaccurate times.
  • Supply counts are checked every 10 seconds.